 Dungeon Crawl Stone Soup version 0.29-a0-80-g3050e97935 (webtiles) character file.

Game seed: 1911667405045319672

714 cthannew the Chiller (level 7, -4/50 HPs)
             Began as a Yellow Draconian Ice Elementalist on Feb 4, 2022.
             Slain by a phantom (7 damage)
             ... on level 4 of the Dungeon.
             The game lasted 00:34:54 (5883 turns).

cthannew the Chiller (DrIE)                         Turns: 5883, Time: 00:34:55

Health: -4/50      AC:  8    Str: 10    XL:     7   Next: 41%
Magic:  1/15       EV: 12    Int: 17    God:
Gold:   179        SH:  0    Dex: 12    Spells: 15/16 levels left

rFire   x . .      SeeInvis .   s - +0 dagger (drain)
rCold   + . .      Faith    .   (no shield)
rNeg    . . .      Spirit   .   (armour unavailable)
rPois   +          Reflect  .   (helmet restricted)
rElec   .          Harm     .   g - +0 cloak
rCorr   +          Rampage  .   e - +0 pair of gloves
Will    .....                   (no boots)
Stlth   ++........              (no amulet)
HPRegen 0.16/turn               f - ring of ice
MPRegen 0.14/turn               x - ring of poison resistance

@: no status effects
A: spit acid, AC +6, unfitting armour, cold-blooded, acid resistance
a: Breathe Acid


You were on level 4 of the Dungeon.
You visited 1 branch of the dungeon, and saw 4 of its levels.

You collected 179 gold pieces.

Inventory:

Hand Weapons
 n - a +0 hunting sling
 q - a +2 antimagic short sword
 s - a +0 dagger of draining (weapon)
Missiles
 a - 6 arrows
 h - 42 bolts
 k - 85 stones
 l - 6 boomerangs
 o - a throwing net
 v - 4 poisoned darts
Armour
 e - a +0 pair of gloves (worn)
 g - a +0 cloak (worn)
Jewellery
 f - a ring of ice (left hand)
 x - a ring of poison resistance (right hand)
Wands
 w - a wand of mindburst (11)
Scrolls
 d - 2 scrolls of identify {unknown}
 j - a scroll of vulnerability {unknown}
 m - a scroll of noise {unknown}
 r - a scroll of enchant weapon {unknown}
 u - a scroll of fear {unknown}
 y - a scroll of enchant armour {unknown}
Potions
 b - a potion of brilliance {unknown}
 c - a potion of mutation {unknown}
 i - a potion of flight {unknown}
 p - a potion of degeneration {unknown}
 t - a potion of curing {unknown}
 z - a potion of heal wounds {unknown}


   Skills:
 - Level 0.2(0.3) Short Blades
 - Level 0.3(0.4) Long Blades
 - Level 0.4(0.6) Axes
 - Level 0.2(0.5) Maces & Flails
 - Level 0.3(0.5) Polearms
 - Level 0.2(0.4) Staves
 - Level 0.3(0.4) Slings
 - Level 0.1 Bows
 - Level 0.2 Crossbows
 - Level 0.1(0.3) Throwing
 - Level 2.0 Dodging
 - Level 3.0 Stealth
 - Level 0.4 Shields
 - Level 0.2 Unarmed Combat
 + Level 5.3 Spellcasting
 + Level 0.4 Conjurations
 - Level 0.3 Hexes
 - Level 0.2 Summonings
 - Level 0.3 Necromancy
 - Level 0.2 Translocations
 - Level 0.7 Transmutations
 - Level 0.6 Fire Magic
 + Level 5.4 Ice Magic
 - Level 0.3 Air Magic
 - Level 0.4 Earth Magic
 - Level 0.7 Poison Magic
 + Level 0.4 Invocations
 + Level 0.4 Evocations


You had 15 spell levels left.
You knew the following spells:

 Your Spells              Type           Power      Damage    Failure   Level
a - Freeze                Ice            100%       1d11      1%          1

Your spell library contained the following spells:

 Spells                   Type           Power      Damage    Failure   Level
 Frozen Ramparts          Ice            68%        1d8       4%          3
 Ozocubu's Armour         Ice            34%        N/A       4%          3
 Wereblood                Tmut           6%         N/A       16%         2
 Sublimation of Blood     Necr           5%         N/A       19%         2
 Hailstorm                Conj/Ice       21%        3d6       38%         4
 Summon Hydra             Summ           2%         N/A       100%        7


Dungeon Overview and Level Annotations

Branches:
Dungeon (4/15)
 Temple: D:4-7

Altars:
Hepliaklqana
Sif Muna
Zin


Innate Abilities, Weirdness & Mutations

You can spit globs of acid.
Your golden yellow scales are hard. (AC +6)
You cannot fit into any form of body armour.
You are cold-blooded and may be slowed by cold attacks.
You are resistant to acid. (rCorr)


Message History

Press: ? - help, Q - select action, (/) - cycle Shift-Dir - straight line, f/p - phantom
Aim: a phantom (heavily damaged)
You feel a surge of power!
You freeze the phantom.
The phantom resists.
The phantom is heavily damaged.
The phantom hits you but does no damage.
Aiming: Freeze (safe; 1% risk of failure)
Press: ? - help, Q - select action, (/) - cycle Shift-Dir - straight line, f/p - phantom
Aim: a phantom (heavily damaged)
You feel a surge of power!
You freeze the phantom but do no damage.
The phantom completely resists.
The phantom misses you.
Aiming: Freeze (safe; 1% risk of failure)
Press: ? - help, Q - select action, (/) - cycle Shift-Dir - straight line, f/p - phantom
Aim: a phantom (heavily damaged)
You feel a surge of power!
You freeze the phantom.
The phantom resists.
The phantom is heavily damaged.
The phantom barely misses you.
Aiming: Freeze (safe; 1% risk of failure)
Press: ? - help, Q - select action, (/) - cycle Shift-Dir - straight line, f/p - phantom
Aim: a phantom (heavily damaged)
You feel a surge of power!
You freeze the phantom.
The phantom resists.
The phantom is severely damaged.
The phantom hits you.
* * * LOW HITPOINT WARNING * * *
Aiming: Freeze (safe; 1% risk of failure)
Press: ? - help, Q - select action, (/) - cycle Shift-Dir - straight line, f/p - phantom
Aim: a phantom (severely damaged)
You feel a surge of power!
You freeze the phantom but do no damage.
The phantom completely resists.
The phantom hits you!
* * * LOW HITPOINT WARNING * * *
The phantom blinks!
You blink.
The phantom hits you but does no damage.
You barely miss the phantom.
The phantom is severely damaged.
The endoplasm quivers.
The phantom hits you!
You die...

#. #. ## #.. #. #..
#. #..J #. #...## #.
##..#### #######.
#...@W.# ####.....##
#......# #....###.##
#......# #...## #'#.
#......####..#####...
#....>.....#+#.#.....
#........###...##....
#...?...##......'....
#........#......##...
#####.##.#.......#...


You could see a phantom and an endoplasm.

Vanquished Creatures
  2 ogres
  A phantom (D:4)
  A scorpion (D:4)
  The ghost of Sapher the Shield-Bearer, a weakling DDFi (D:3)
  A centaur zombie (D:4)
  2 hounds (D:4)
  An orc priest (D:3)
  Jessica (D:2)
  7 adders
  An adder skeleton (D:4)
  3 worms
  2 dart slugs (D:3)
  9 orcs (D:3)
  6 ball pythons
  14 bats
  16 endoplasms
  8 giant cockroaches
  8 goblins
  11 hobgoblins
  8 jackals
  2 quokkas
  4 frilled lizards
  7 kobolds
  6 rats
122 creatures vanquished.

Vanquished Creatures (others)
  4 plants (D:3)
4 creatures vanquished.

Grand Total: 126 creatures vanquished

Notes
Turn   | Place    | Note
-------+----------+-------------------------------------------
     0 | D:1      | cthannew the Draconian Ice Elementalist began the quest for
                  | the Orb.
     0 | D:1      | Reached XP level 1. HP: 14/14 MP: 3/3
     1 | D:1      | Found a runed translucent door.
   109 | D:1      | Found a faded altar of an unknown god.
   321 | D:1      | Reached XP level 2. HP: 20/20 MP: 3/5
   784 | D:1      | Reached XP level 3. HP: 20/26 MP: 0/6
  1620 | D:2      | Reached XP level 4. HP: 28/33 MP: 6/8
  1771 | D:2      | Noticed Jessica
  1780 | D:2      | Killed Jessica
  2763 | D:3      | Found a shimmering blue altar of Sif Muna.
  2820 | D:3      | Reached XP level 5. HP: 38/38 MP: 4/10
  3162 | D:3      | Noticed an ogre
  3179 | D:3      | Killed an ogre
  3180 | D:3      | Reached XP level 6. HP: 4/45 MP: 0/12
  3671 | D:3      | Found a hazy altar of Hepliaklqana.
  3863 | D:3      | Found a runed translucent gate.
  3863 | D:3      | Found a runed translucent gate.
  3865 | D:3      | Found a runed translucent gate.
  3878 | D:3      | Noticed Sapher's ghost (weakling DDFi)
  4461 | D:3      | Found a glowing silver altar of Zin.
  4615 | D:3      | Killed Sapher's ghost
  5120 | D:4      | Reached skill level 5 in Ice Magic
  5120 | D:4      | Your scales start taking on a golden yellow colour.
  5120 | D:4      | Reached XP level 7. HP: 29/50 MP: 8/14
  5120 | D:4      | Gained mutation: You are resistant to acid. (rCorr) [Yellow
                  | Draconian growth]
  5265 | D:4      | Reached skill level 5 in Spellcasting
  5881 | D:4      | HP: 2/50 [phantom (7)]
  5883 | D:4      | Slain by a phantom

Illustrated notes

Levels and vault maps discovered:
D:1:      dpeg_arrival_caged_fury, layout_rooms,
          hellmonk_ecumenical_altar_slurped_away
D:2:      minmay_diamond_boxcup, layout_rooms, kennysheep_pointless_box,
          serial_bayou_lake_a, uniq_jessica
D:3:      layout_rooms, mainiacjoe_overflow_cross_hatched, marbit_many_paths,
          mainiacjoe_overflow_six_doors_small, gammafunk_ghost_split,
          roderic_batcave, minmay_misc_feat_hallway, serial_bayou_pond_b
D:4:      nicolae_cairo_tiling_very_big, layout_rooms, minmay_misc_feat_alley,
          kennysheep_minor_cross

Skill      XL: |  1  2  3  4  5  6  7 |
---------------+----------------------+-----
Stealth        | 2 3 |  3.0
Dodging        | 2 |  2.0
Spellcasting   | 3 4 5 |  5.3
Ice Magic      | 5 |  5.4
Short Blades   | |  0.2
Long Blades    | |  0.3
Axes           | |  0.4
Maces & Flails | |  0.2
Polearms       | |  0.3
Staves         | |  0.2
Slings         | |  0.3
Bows           | |  0.1
Crossbows      | |  0.2
Throwing       | |  0.1
Shields        | |  0.4
Unarmed Combat | |  0.2
Conjurations   | |  0.4
Hexes          | |  0.3
Summonings     | |  0.2
Necromancy     | |  0.3
Translocations | |  0.2
Transmutations | |  0.7
Fire Magic     | |  0.6
Air Magic      | |  0.3
Earth Magic    | |  0.4
Poison Magic   | |  0.7
Invocations    | |  0.4
Evocations     | |  0.4

Action                   |  1- 3 |  4- 6 |  7- 9 || total
-------------------------+-------+-------+-------++-------
Melee: Dagger            |    70 |   106 |    56 ||   232
       Tailslap          |    13 |    20 |    15 ||    48
       Punch             |     2 |     3 |     2 ||     7
       Short sword       |       |    24 |       ||    24
 Cast: Freeze            |    46 |    89 |    35 ||   170
 Stab: Sleeping          |     3 |     2 |     1 ||     6
       Distracted        |       |     1 |       ||     1
Armor: Skin              |    46 |    76 |    45 ||   167
Dodge: Dodged            |    67 |   126 |    50 ||   243

Table legend: (Time is in decaauts)
 A = Elapsed time spent in this place.
 B = Non-inter-level travel time spent in this place.
 C = Inter-level travel time spent in this place.
 D = Time resting spent in this place.
 E = Time spent auto-exploring this place.
 F = Levels seen in this place.
 G = Mean time per level.
                   A        B        C        D        E       F      G
               +--------+--------+--------+--------+--------+-----+--------+
         Total |   5921 |   5839 |     82 |   2845 |   1222 |   4 | 1480.2 |
       Dungeon |   5921 |   5839 |     82 |   2845 |   1222 |   4 | 1480.2 |
               +--------+--------+--------+--------+--------+-----+--------+

Top non-repeatable levels by time:
     D:3: 2023 daAuts
     D:1: 1541 daAuts
     D:2: 1213 daAuts
     D:4: 1143 daAuts
